 Dungeon Crawl Stone Soup version 0.30.1-11-g7821555f0a (webtiles) character file.

Game seed: 6088203875742909400

61 Tali the Trooper (level 3, 0/29 HPs)
             Began as a Demonspawn Chaos Knight on Nov 11, 2023.
             Was a Plaything of Xom.
             Slain by an ice beast (shapeshifter) (14 damage)
             ... on level 3 of the Dungeon.
             The game lasted 00:02:09 (1446 turns).

Tali the Trooper (Demonspawn Chaos Knight)          Turns: 1446, Time: 00:02:10

Health: 0/29       AC:  7    Str: 14    XL:     3   Next: 83%
Magic:  3/3        EV: 16    Int: 13    God:    Xom [..*...]
Gold:   134        SH:  0    Dex: 12    Spells: 2/2 levels left

rFire   . . .        a - +0 hand axe (chaos)
rCold   . . .        (no shield)
rNeg    . . .        b - +2 leather armour
rPois   .            (no helmet)
rElec   .            (no cloak)
rCorr   .            (no gloves)
SInv    .            (no boots)
Will    .....        (no amulet)
Stlth   +            k - +5 ring of evasion
HPRegen 0.24/turn    (no ring)
MPRegen 0.08/turn

%: no passive effects
@: brilliant
A: slimy green scales 1
a: Renounce Religion


You were on level 3 of the Dungeon.
You worshipped Xom.
You were a toy of Xom.
You visited 1 branch of the dungeon, and saw 3 of its levels.

You collected 134 gold pieces.

Inventory:

Hand Weapons
 a - a +0 hand axe of chaos (weapon)
Missiles
 d - 6 poisoned darts
Armour
 b - a +2 leather armour (worn)
Jewellery
 k - a +5 ring of evasion (left hand)
 t - a ring of ice
Scrolls
 i - 2 scrolls of identify {unknown}
 l - 3 scrolls of magic mapping {unknown}
 m - 2 scrolls of teleportation {unknown}
 o - a scroll of vulnerability {unknown}
 p - a scroll of noise {unknown}
 u - a scroll of blinking {unknown}
Potions
 e - a potion of curing {unknown}
 f - a potion of ambrosia
 g - a potion of invisibility {unknown}
 h - a potion of heal wounds {unknown}
 j - a potion of flight {unknown}
 n - 2 potions of brilliance {unknown}
 q - a potion of lignification {unknown}
 r - a potion of haste {unknown}
 s - 2 potions of degeneration {unknown}
Miscellaneous
 c - a piece from Xom's chessboard (15/15) (quivered)


   Skills:
 + Level 3.6 Fighting
 + Level 3.6 Axes
 + Level 2.0 Armour
 + Level 1.3 Dodging


You had 2 spell levels left.
You didn't know any spells.
Your spell library contained the following spells:

 Spells                   Type           Power      Damage    Failure   Level
 Beastly Appendage        Tmut           0%         N/A       36%         1
 Wereblood                Tmut           0%         N/A       50%         2
 Spider Form              Tmut/Pois      0%         N/A       75%         3
 Volatile Blastmotes      Fire/Tloc      0%         2d10      75%         3
 Fulminant Prism          Conj/Hex       0%         3d5       98%         4
 Iskenderun's Mystic Bla  Conj/Tloc      0%         2d3       98%         4
 Lee's Rapid Deconstruct  Erth           0%         3d4*      100%        5


Dungeon Overview and Level Annotations

Branches:
Dungeon (3/15)

Altars:


Innate Abilities, Weirdness & Mutations

You are partially covered in slimy green scales. (AC +2)


Message History

Xom thinks this is hilarious! "First here, now there."
You swap places with the ice beast.
The ice beast looks rather confused.
You are now a toy of Xom.
The ice beast changes into a jumping spider!
Found a stone staircase leading down.
Unknown command.
You bump into the rock wall.
The ice beast hits you but does no damage.
Unknown command.
Found a stone staircase leading up.
Unknown command.
You hit the ice beast but do no damage.
The ice beast is moderately wounded.
You feel less invigorated.
You feel less confused. The ice beast barely misses you.
Unknown command.
You hit the ice beast.
The ice beast is moderately wounded.
The ice beast barely misses you.
You hit the ice beast.
The ice beast is heavily wounded.
The ice beast completely misses you.
The jumping spider leaps!
The ice beast closely misses you.
Unknown command.
You hit the ice beast.
Lightning courses through the ice beast!
The ice beast is severely wounded.
You hit the jumping spider but do no damage.
The jumping spider pounces on you!
Ouch! That really hurt!
A shower of butterflies erupts from you!
The jumping spider closely misses you.
The jumping spider leaps!
The ice beast hits you but does no damage.
You barely miss the ice beast.
The ice beast is severely wounded.
The ice beast hits you. The ice beast freezes you!
You die...
Xom titters!

#...# #.###
..........# #.#
.........# #.#
.........# #.#
.......b.b.# #.#
...$..b.b..# #.#
......b°.b# #.#
........@.# #)#
#.#######Y# #.#
#.# #.#
#.######.#######.#
#...............?#
######.#.#..######
#.#.#..# #.###..#
#.# ...#


You could see a jumping spider shaped shifter (ally target) and an ice beast
shaped shifter.

Vanquished Creatures
  3 adders (D:2)
  A dart slug (D:2)
  2 ball pythons (D:1)
  An endoplasm (D:2)
  3 giant cockroaches
  5 hobgoblins
  4 kobolds
  2 quokkas (D:1)
  A bat (D:2)
  3 goblins
  6 rats
31 creatures vanquished.

Notes
Turn   | Place    | Note
-------+----------+-------------------------------------------
     0 | D:1      | Tali the Demonspawn Chaos Knight began the quest for the
                  | Orb.
     0 | D:1      | Reached XP level 1. HP: 18/18 MP: 1/1
   111 | D:1      | Found a faded altar of an unknown god.
   382 | D:1      | Gained mutation: You are partially covered in slimy green
                  | scales. (AC +2) [demonic ancestry]
   382 | D:1      | Reached XP level 2. HP: 24/24 MP: 2/2
   587 | D:1      | Reached skill level 1 in Dodging
   828 | D:2      | XOM: 3-stop teleportation journey
   833 | D:2      | Reached XP level 3. HP: 29/29 MP: 3/3
   848 | D:2      | XOM: noise
   850 | D:2      | XOM: god gift: lumpy black potion {god gift}
  1420 | D:3      | a bat changed into a shapeshifter
  1420 | D:3      | Noticed a shapeshifter (shapeshifter)
  1420 | D:3      | XOM: polymorph bat -> shapeshifter
  1420 | D:3      | a shapeshifter changed into an ice beast
  1420 | D:3      | Noticed an ice beast (shapeshifter)
  1421 | D:3      | XOM: cast spell 'Cause Fear'
  1436 | D:3      | XOM: potion effect (brilliance)
  1438 | D:3      | XOM: swap monsters
  1438 | D:3      | an ice beast changed into a jumping spider
  1438 | D:3      | Noticed a jumping spider (shapeshifter)
  1445 | D:3      | XOM: butterfly on damage
  1446 | D:3      | Slain by an ice beast (shapeshifter)

Illustrated notes

Levels and vault maps discovered:
D:1:      lordsloth_arrival_two_stooges, layout_loops_ring,
          dreamdust_ecumenical_altar_grove, minivault_23
D:2:      layout_loops_ring
D:3:      layout_basic, gammafunk_ghost_grave

Skill      XL: |  1  2  3 |
---------------+----------+-----
Axes           | 3 |  3.6
Dodging        | 1 |  1.3
Armour         | 2 |  2.0
Fighting       | |  3.6

Action                     || total
---------------------------++-------
  Melee: Hand axe          ||   110
         Punch             ||     2
    Use: Potion            ||     1
 Armour: Leather armour    ||    32
  Dodge: Dodged            ||    90
